 Dungeon Crawl Stone Soup version 0.23-a0-470-g6f7cfd9 (webtiles) character file.

113 JeffiDaFish the Grave Robber (level 4, 0/24 HPs)
             Began as a Deep Elf Necromancer on Nov 25, 2018.
             Killed by nerve-wracking pain
             ... invoked by an orc priest
              (4 damage)
             ... on level 4 of the Dungeon on Nov 26, 2018.
             The game lasted 00:10:33 (4178 turns).

JeffiDaFish the Grave Robber (Deep Elf Necromancer) Turns: 4178, Time: 00:10:33

Health: 0/24       AC:  3    Str:  3 (5)  XL:     4   Next: 65%
Magic:  0/11       EV: 13    Int: 21      God:
Gold:   102        SH:  0    Dex: 15      Spells: 3/10 levels left

rFire    . . .     SeeInvis .   f - +0 dagger (speed)
rCold    . . .     Gourm    .   (no shield)
rNeg     . . .     Faith    .   a - +0 robe
rPois    .         Spirit   .   (no helmet)
rElec    .         Reflect  .   (no cloak)
rCorr    .         Harm     .   j - +0 pair of gloves
MR       .....                  (no boots)
Stlth    ++........             (no amulet)
HPRegen  0.08/turn              (no ring)
MPRegen  0.12/turn              (no ring)

@: no status effects
A: no striking features
a: no special abilities


You were on level 4 of the Dungeon.
You were not hungry.

You visited 1 branch of the dungeon, and saw 4 of its levels.

You collected 102 gold pieces.

Inventory:

Hand Weapons
 f - a +0 dagger of speed (weapon)
Armour
 a - a +0 robe (worn)
 j - a +0 pair of gloves (worn)
Scrolls
 e - a scroll of blinking
 g - 4 scrolls of identify
 h - a scroll of enchant weapon
Potions
 b - a potion of flight
 d - a potion of mutation
Comestibles
 c - 9 rations


   Skills:
 + Level 3.3 Dodging
 + Level 3.5 Stealth
 + Level 3.9 Spellcasting
 * Level 6.0 Necromancy


You had 3 spell levels left.
You knew the following spells:

 Your Spells              Type           Power        Failure   Level  Hunger
a - Pain                  Necr           ####         1%          1    None
b - Vampiric Draining     Necr           ####......   3%          3    ###....
c - Regeneration          Chrm/Necr      ###.......   11%         3    ###....

Your spell library contained the following spells:

 Spells                   Type           Power        Failure   Level  Hunger
 Animate Skeleton         Necr           N/A          1%          1    None
 Animate Dead             Necr           N/A          10%         4    ####...


Dungeon Overview and Level Annotations

Branches:
Dungeon (4/15)
 Temple: D:4-7

Altars:
Fedhas
Gozag
Qazlal
Uskayaw
Zin

Shops:
D:2 *

Annotations:
D:2 Robin


Message History

Confirm with . or Enter, or press ? or * to list all spells.
Aiming: Pain (safe; 1% risk of failure)
Press: ? - help, Shift-Dir - straight line, f/p - orc priest
Aim: an orc priest, wielding a +0 flail and wearing a +0 leather armour The orc priest writhes in agony!
The orc priest hits you with a +0 flail!
* * * LOW HITPOINT WARNING * * *
You hit the orc priest.
The orc priest is almost dead.
You hit the orc priest but do no damage.
The orc priest is almost dead.
The orc priest hits you with a +0 flail.
* * * LOW HITPOINT WARNING * * *
You barely miss the orc priest.
The orc priest is almost dead.
You hit the orc priest but do no damage.
The orc priest is almost dead.
The orc priest invokes the aid of Beogh against you.
Pain shoots through your body!
You die...

.# ####..# #.#####.##.##
.##
####..........######....#
......####..........##
#).....##.#..)####...#
#...#..#...# ...#
#..<......###...#..
#.........#........#
#...####..@o...... ..
#....# ##.####..... o
......# #..# #...oo
..###... .... ... #...
...## ## #.## ##..# #..#
#..


You could see an orc priest.

Vanquished Creatures
  An orc wizard (D:4)
  An adder (D:2)
  A worm (D:2)
  A dart slug (D:2)
  2 leopard geckos
  2 orcs (D:4)
  2 ball pythons
  4 giant cockroaches
  11 hobgoblins
  4 jackals (D:3)
  6 kobolds
  A quokka (D:3)
  9 bats
  5 frilled lizards
  5 goblins
  12 rats
67 creatures vanquished.

Notes
Turn   | Place    | Note
-------+----------+-------------------------------------------
     0 | D:1      | JeffiDaFish the Deep Elf Necromancer began the quest for
                  | the Orb.
     0 | D:1      | Reached XP level 1. HP: 10/10 MP: 6/6
    29 | D:1      | Reached skill level 5 in Necromancy
   302 | D:1      | Gained mutation: You are weak. (Str -2) [potion of
                  | mutation]
   302 | D:1      | Lost mutation: You are weak. (Str -2) [potion of mutation]
   307 | D:1      | Reached XP level 2. HP: 10/15 MP: 5/8
  1865 | D:2      | Found Zin's Purification Station.
  1868 | D:2      | Found a glowing silver altar of Zin.
  1883 | D:2      | Noticed Robin
  1892 | D:2      | Reached XP level 3. HP: 15/19 MP: 7/9
  1934 | D:2      | Learned a level 3 spell: Vampiric Draining
  2163 | D:2      | Found an opulent altar of Gozag.
  2620 | D:2      | Upgraded the game from 0.23-a0-458-g93a6ea9 to
                  | 0.23-a0-470-g6f7cfd9
  3182 | D:2      | Found a hide-covered altar of Uskayaw.
  3219 | D:3      | Found a blossoming altar of Fedhas.
  3352 | D:3      | Reached XP level 4. HP: 19/24 MP: 9/11
  3665 | D:3      | Learned a level 3 spell: Regeneration
  4089 | D:3      | Found a stormy altar of Qazlal.
  4163 | D:4      | Reached skill level 6 in Necromancy
  4178 | D:4      | Killed from afar by an orc priest

Vault maps used:
D:1:      onia_arrival_larder, serial_bayou_pond_d
D:2:      zin_purify, lemuel_coloured_pillars_altar, grunt_gozag_breadcrumbs,
          uniq_robin
D:3:      nicolae_overflow_hidden_temple, fedhas_altar_2, first_ration
D:4:      corexii_shantytown, kennysheep_generic_room_8

Skill      XL: |  1  2  3  4 |
---------------+-------------+-----
Necromancy     | 5 6 |  6.0
Dodging        | 3 |  3.3
Stealth        | 3 |  3.5
Spellcasting   | |  3.9

Action                   |  1- 3 |  4- 6 || total
-------------------------+-------+-------++-------
Melee: Short sword       |    45 |       ||    45
       Dagger            |    51 |    74 ||   125
 Cast: Pain              |    50 |     7 ||    57
       Vampiric Draining |     7 |     6 ||    13
  Use: Potion            |     4 |       ||     4
       Scroll            |     5 |     1 ||     6
 Stab: Sleeping          |     6 |     2 ||     8
       Distracted        |     1 |       ||     1
  Eat: Chunk             |     8 |     3 ||    11
Armor: Robe              |    30 |    10 ||    40
Dodge: Dodged            |    76 |    45 ||   121

Table legend:
 A = Non-vault XP
 B = Vault XP
 C = Vault XP percentage of total XP
 D = Non-vault monster count
 E = Vault monster count
 F = Vault count percentage of total count
                 A         B        C        D         E       F
            +---------+---------+-------+---------+---------+-------
      Total |     141 |      21 |  13.0 |      53 |      14 |  20.9
            +---------+---------+-------+---------+---------+-------
        D:1 |      30 |      11 |  26.8 |      21 |       9 |  30.0
        D:2 |      37 |      10 |  21.3 |      12 |       5 |  29.4
        D:3 |      28 |       0 |   0.0 |      17 |       0 |   0.0
        D:4 |      46 |       0 |   0.0 |       3 |       0 |   0.0
            +---------+---------+-------+---------+---------+-------
